 Dungeon Crawl Stone Soup version 0.31-a0-640-g39d97e502b (webtiles) character file.

Game seed: 8873947410826221006

1104 greenreed the Ruffian (level 8, -12/59 HPs)
             Began as a Djinni Shapeshifter on Aug 27, 2023.
             Was an Initiate of Nemelex Xobeh.
             Mangled by an ogre
             ... wielding a +0 giant club
              (25 damage)
             ... on level 5 of the Dungeon.
             The game lasted 00:15:41 (5913 turns).

greenreed the Ruffian (Djinni Shapeshifter)         Turns: 5913, Time: 00:15:42

Health: -12/59     AC: 10    Str: 15    XL:     8   Next: 58%
Gold:   309        EV:  5    Int: 12    God:    Nemelex Xobeh [......] SH:  0 Dex: 13

rFire   + +          .
                       - Unarmed
rCold   x . .        (no shield)
rNeg    . . .        i - +0 plate armour
rPois   ∞            (helmet currently unavailable)
rElec   .            (cloak currently unavailable)
rCorr   .            (gloves currently unavailable)
SInv    .            (boots unavailable)
Will    .....        (no amulet) Stlth
                     (no ring)
HPRegen 0.29/turn    (no ring)
MPRegen 0.00/turn

%: infuse magic (-13 HP)
@: beast-form, flying
A: beast (slay +2), flying, sickness immunity, fire resistance 2, cold
vulnerability 1, float, innate caster, HP casting, extra vitality 1
a: Begin Untransformation, Renounce Religion, Draw Escape, Draw Destruction,
Draw Summoning


You were on level 5 of the Dungeon.
You worshipped Nemelex Xobeh.
Nemelex Xobeh was noncommittal.
You were a hulking beast.
You visited 2 branches of the dungeon, and saw 7 of its levels.

You collected 309 gold pieces.

Inventory:

Hand Weapons
 x - a +2 spear of venom
Armour
 b - the +3 tower shield "Docroaq" {Rampage rN+ Dex+2}
   (You took it off a gnoll bouda on level 5 of the Dungeon)

   Dex+2:     It affects your dexterity (+2).
   rN+:       It protects you from negative energy.
   Rampage:   It bestows one free step when moving towards enemies.
 g - a +1 hat
 i - a +0 plate armour (worn)
 n - a scarf of harm
Magical Staves
 q - a staff of death
Jewellery
 e - a ring of protection from fire
Talismans
 c - a beast talisman (active)
 d - a flux talisman
 k - a serpent talisman
 p - a maw talisman
 t - a storm talisman
Scrolls
 a - 2 scrolls of enchant armour {unknown}
 f - 2 scrolls of teleportation {unknown}
 h - 3 scrolls of identify {unknown}
 l - 2 scrolls of revelation {unknown}
 o - a scroll of poison {unknown}
 u - 3 scrolls of blinking {unknown}
 v - a scroll of fog {unknown}
 w - a scroll of amnesia {unknown}
 y - a scroll of immolation {unknown}
Potions
 j - 2 potions of heal wounds {unknown}
 m - 2 potions of brilliance {unknown}
 r - a potion of enlightenment {unknown}
 s - 3 potions of curing {unknown}


   Skills:
 * Level 5.0 Fighting
 + Level 4.4 Dodging
 * Level 5.8 Unarmed Combat
 + Level 2.1 Spellcasting
 + Level 2.1 Conjurations
 + Level 2.1 Hexes
   Level 0.0 Charms
 + Level 2.1 Summonings
 + Level 2.1 Necromancy
 + Level 2.1 Translocations
 + Level 2.1 Transmutations
 + Level 2.1 Fire Magic
 + Level 2.1 Ice Magic
 + Level 2.1 Air Magic
 + Level 2.1 Earth Magic
 + Level 2.1 Poison Magic
 + Level 1.4 Invocations
 + Level 4.0 Shapeshifting


You knew the following spells:

 Your Spells              Type           Power      Damage    Failure   Level
a - Shock                 Conj/Air       24%        1d4       100%        1
b - Passwall              Tmut/Erth      5%         N/A       100%        2
c - Scorch                Fire           12%        2d5       100%        2
Your spell library was empty.


Dungeon Overview and Level Annotations

Branches:
Dungeon (6/15)             Temple (1/1) D:5

Altars:
Dithmenos
Elyvilon
Fedhas
Gozag
Nemelex Xobeh
Okawaru
Ru
Trog
Uskayaw
Wu Jian
Xom
Yredelemnul
Zin

Shops:
D:1 [

Annotations:
D:5 2 transporters, Menkaure


Innate Abilities, Weirdness & Mutations

You are a hulking beast.
Your limbs bulge with bestial killing power. (Slay +2)
You are flying.
You are immune to sickness and miasma.
You are immune to poison.
Your flesh is very heat resistant. (rF++)
You are vulnerable to cold. (rC-)
You float through the air rather than walking.
You learn spells naturally, not from books.
Your magical power is your life essence.
You have superior vitality. (+4 MHP)


Message History

No target in view!
HP restored.
y - a scroll labelled KEUNAU AWKOA
Things that are here:
a +0 club; a gnoll corpse
Found a club.
Found a flail.
You now have 309 gold pieces (gained 17).
An orc comes into view. It is wielding a +0 trident.
The orc shouts!
You hear a shout!
An orc comes into view. It is wielding a +0 club.
An orc wizard comes into view. It is wielding a +0 dagger.
The orc shouts!
An ogre comes into view. It is wielding a +0 giant club.
The ogre shouts!
There is a stone staircase leading up here.
The ogre completely misses you.
You fly upwards.
Level annotation: 2 transporters, Menkaure
There is a stone staircase leading down here.
You hit the ogre but do no damage. You closely miss the ogre.
The ogre hits you but does no damage.
You punch the ogre!
The ogre is heavily wounded.
The ogre hits you with a +0 giant club!
You hit the ogre.
The ogre is severely wounded.
You hit the ogre.
The ogre is almost dead.
The ogre hits you with a +0 giant club!
You hit the ogre.
The ogre is almost dead.
You barely miss the ogre.
The ogre is almost dead.
The ogre hits you with a +0 giant club!!
* * * LOW HITPOINT WARNING * * *
The ogre attacks as it pursues you!
The ogre hits you with a +0 giant club!!
You die...
Your body disappears without a glow.

#.# ##.#...#.#..#.......# #.#
..# #.###.......######### #.#
### ##.........## #.# #
##≈...<#.#.######## #.# #
#≈~~..............# ##.##
######~~.....#........# #...#
....###≈~..#.#.<......####..##
.......~~..#...<......##..†##
....###.≈.......hO.>..##...#
###.# #.~.###.#.......##...#
..#.###~~...#.#.......###.##
..#.....~~#.#.######### #.#
..#######≈....# ########.# ###
#~#.######......#.# ### ###.#
#......##.#.# ..#######
#.###.##.#.##.#.######
........#
#........#...........#


You could see an ogre.

Vanquished Creatures
  Grinder (D:4)
  Prince Ribbit (D:5)
  An ice beast (D:5)
  An ogre (D:5)
  A phantom (D:5)
  2 hounds
  A jelly (D:4)
  A gnoll bouda (D:5)
  2 iguanas
  2 sleepcaps
  8 adders
  10 gnolls
  A shadow imp (D:5)
  3 dart slugs
  5 orcs (D:5)
  5 ball pythons
  5 bats (D:2)
  3 endoplasms
  A giant cockroach (D:1)
  8 goblins
  3 quokkas
  2 frilled lizards
  6 kobolds
  2 rats
75 creatures vanquished.

Notes
Turn   | Place    | Note
-------+----------+-------------------------------------------
     0 | D:1      | greenreed the Djinni Shapeshifter began the quest for the
                  | Orb.
     0 | D:1      | Reached XP level 1. HP: 17/17 MP: 0/0
    35 | D:1      | Reached XP level 2. HP: 11/22 MP: 0/0
   478 | D:1      | Found Azacaj's Armour Boutique.
   737 | D:2      | Reached XP level 3. HP: 25/27 MP: 0/0
   737 | D:2      | Learned a level 1 spell: Shock
  1694 | D:3      | Found a faded altar of an unknown god.
  2267 | D:3      | Found a bloodstained altar of Trog.
  2800 | D:4      | Noticed Grinder
  2827 | D:4      | Killed Grinder
  2828 | D:4      | Reached skill level 1 in Spellcasting
  2828 | D:4      | Reached skill level 1 in Conjurations
  2828 | D:4      | Reached skill level 1 in Hexes
  2828 | D:4      | Reached skill level 1 in Summonings
  2828 | D:4      | Reached skill level 1 in Necromancy
  2828 | D:4      | Reached skill level 1 in Translocations
  2828 | D:4      | Reached skill level 1 in Transmutations
  2828 | D:4      | Reached skill level 1 in Fire Magic
  2828 | D:4      | Reached skill level 1 in Ice Magic
  2828 | D:4      | Reached skill level 1 in Air Magic
  2828 | D:4      | Reached skill level 1 in Earth Magic
  2828 | D:4      | Reached skill level 1 in Poison Magic
  2828 | D:4      | Reached XP level 4. HP: 31/35 MP: 0/0
  2828 | D:4      | Reached XP level 5. HP: 36/40 MP: 0/0
  2828 | D:4      | Learned a level 2 spell: Passwall
  2828 | D:4      | Reached XP level 6. HP: 41/46 MP: 0/0
  3326 | D:4      | Found a glowing silver altar of Zin.
  3430 | D:4      | Found a white marble altar of Elyvilon.
  3433 | D:4      | Found a hide-covered altar of Uskayaw.
  3541 | D:5      | Entered Level 5 of the Dungeon
  3567 | D:5      | Reached XP level 7. HP: 40/50 MP: 0/0
  3567 | D:5      | Learned a level 2 spell: Scorch
  3785 | D:5      | Found a staircase to the Ecumenical Temple.
  4223 | D:5      | Found a transporter.
  4225 | D:5      | Found a transporter.
  4227 | D:5      | Noticed Menkaure
  4233 | D:5      | Found a basalt altar of Yredelemnul.
  4337 | D:5      | Reached skill level 5 in Unarmed Combat
  4396 | D:5      | Found a shimmering altar of Xom.
  4533 | Temple   | Entered the Ecumenical Temple
  4587 | Temple   | Became a worshipper of Nemelex Xobeh the Trickster
  4668 | D:5      | Noticed Prince Ribbit
  4689 | D:5      | Killed Prince Ribbit
  4690 | D:5      | Reached XP level 8. HP: 12/58 MP: 0/0
  4929 | D:5      | Reached skill level 1 in Invocations
  5626 | D:6      | Identified the +3 tower shield "Docroaq" {Rampage rN+
                  | Dex+2}
  5708 | D:5      | Reached skill level 5 in Fighting
  5913 | D:5      | Mangled by an ogre

Illustrated notes

Levels and vault maps discovered:
D:1:      dpeg_arrival_fog, layout_rooms, serial_shops,
          nicolae_shop_rolling_square
D:2:      layout_basic, minmay_misc_feat_square, minmay_crystal_room,
          minmay_split_cup_small
D:3:      layout_basic, trog_book, dreamdust_ecumenical_altar_hidden_monk_grotto
D:4:      wander_river, layout_cave_pods, nicolae_overflow_hidden_temple,
          minmay_fractal_squares_5, uniq_grinder
D:5:      layout_loops_cross, gammafunk_temple_of_torment, kennysheep_mini_moat,
          temple_fountains, chequers_serial_rivers_small_a, minivault_24,
          uniq_prince_ribbit1
D:6:      layout_cave_pools
Temple:   pf_temple_reverse_labyrinth

Skill      XL: |  1  2  3  4  5  6  7  8 |
---------------+-------------------------+-----
Fighting       | 3 4 5 |  5.0
Dodging        | 3 4 |  4.4
Unarmed Combat | 4 5 |  5.8
Spellcasting   | 1 2 |  2.1
Conjurations   | 1 2 |  2.1
Hexes          | 1 2 |  2.1
Summonings     | 1 2 |  2.1
Necromancy     | 1 2 |  2.1
Translocations | 1 2 |  2.1
Transmutations | 1 2 |  2.1
Fire Magic     | 1 2 |  2.1
Ice Magic      | 1 2 |  2.1
Air Magic      | 1 2 |  2.1
Earth Magic    | 1 2 |  2.1
Poison Magic   | 1 2 |  2.1
Shapeshifting  | 3 4 |  4.0
Invocations    | 1 |  1.4

Action                     |  1- 3 |  4- 6 |  7- 9 || total
---------------------------+-------+-------+-------++-------
  Melee: Unarmed           |   103 |    50 |   141 ||   294
         Punch             |     1 |     1 |     2 ||     4
         Spear             |       |       |     6 ||     6
    Use: Potion            |     2 |       |     1 ||     3
   Stab: Sleeping          |     2 |       |       ||     2
 Armour: Animal skin       |     5 |       |       ||     5
         Leather armour    |     7 |       |       ||     7
         Plate armour      |    31 |    38 |    63 ||   132
         Skin              |     6 |       |     1 ||     7
  Dodge: Dodged            |    28 |     6 |    26 ||    60

Table legend: (Time is in decaauts)
 A = Elapsed time spent in this place.
 B = Non-inter-level travel time spent in this place.
 C = Inter-level travel time spent in this place.
 D = Time resting spent in this place.
 E = Time spent auto-exploring this place.
 F = Levels seen in this place.
 G = Mean time per level.
                   A        B        C        D        E       F      G
               +--------+--------+--------+--------+--------+-----+--------+
         Total |   5898 |   5456 |    442 |    571 |   3833 |   7 |  842.6 |
       Dungeon |   5797 |   5451 |    346 |    571 |   3833 |   6 |  966.2 |
        Temple |    100 |      4 |     96 |      0 |      0 |   1 |  100.0 |
               +--------+--------+--------+--------+--------+-----+--------+

Top non-repeatable levels by time:
     D:5: 1748 daAuts
     D:4: 1157 daAuts
     D:3: 1078 daAuts
     D:2: 831 daAuts
     D:1: 623 daAuts
     D:6: 358 daAuts
  Temple: 100 daAuts
